 Dungeon Crawl Stone Soup version 0.25.1-2-g60ff931df9 (webtiles) character file.

Game seed: 10606668945313746373

2090 gruber the Tainter (level 9, 0/51 HPs)
             Began as an Octopode Venom Mage on Nov 3, 2020.
             Was a Believer of Vehumet.
             Slain by a centaur skeleton (4 damage)
             ... on level 6 of the Dungeon.
             The game lasted 00:12:11 (7636 turns).

gruber the Tainter (Octopode Venom Mage)            Turns: 7636, Time: 00:12:12

Health: 0/51       AC:  1    Str:  7    XL:     9   Next: 27%
Magic:  2/19       EV: 13    Int: 20    God:    Vehumet [**....]
Gold:   299        SH:  0    Dex: 13    Spells: 11/22 levels left

rFire    . . .     SeeInvis .   w - +1 short sword (venom)
rCold    . . .     Gourm    .   (no shield)
rNeg     . . .     Faith    .   (helmet restricted)
rPois    .         Spirit   .   (no amulet)
rElec    .         Reflect  .   h - +4 ring of slaying
rCorr    .         Harm     .   (no ring)
MR       .....                  (no ring)
Stlth    +++.......             (no ring)
HPRegen  0.17/turn              (no ring)
MPRegen  0.16/turn              (no ring)
                                (no ring)
                                (no ring)

@: no status effects
A: almost no armour, stealthy swim, amphibious, 8 rings, constrict 8, camouflage
1, gelatinous body 1
a: Renounce Religion


You were on level 6 of the Dungeon.
You worshipped Vehumet.
Vehumet was pleased with you.
You were hungry.

You visited 2 branches of the dungeon, and saw 7 of its levels.
You also visited: Sewer.

You collected 299 gold pieces.

Inventory:

Hand Weapons
 g - a +0 dagger
 j - a +2 whip of flaming
 w - a +1 short sword of venom (weapon)
Jewellery
 h - a +4 ring of slaying (left tentacle)
 n - an uncursed ring of fire
Wands
 t - a wand of clouds (1)
 x - a wand of paralysis (6)
Scrolls
 c - 6 scrolls of identify {unknown}
 f - 2 scrolls of fear {unknown}
 l - 2 scrolls of enchant weapon {unknown}
 p - 2 scrolls of random uselessness {unknown}
 r - 5 scrolls of remove curse {unknown}
 v - a scroll of magic mapping {unknown}
Potions
 a - 2 potions of heal wounds
 d - 4 potions of degeneration {unknown}
 e - 2 potions of cancellation {unknown}
 i - a potion of ambrosia {unknown}
 k - 4 potions of curing {unknown}
 m - a potion of mutation {unknown}
 o - a potion of haste {unknown}
 q - a potion of flight {unknown}
 s - a potion of invisibility {unknown}
 u - a potion of lignification {unknown}
 A - a potion of magic {unknown}
 B - a potion of berserk rage {unknown}
Comestibles
 b - 5 rations


   Skills:
 - Level 2.0 Dodging
 - Level 2.6 Stealth
 - Level 7.0 Spellcasting
 - Level 2.0 Conjurations
 - Level 1.0 Transmutations
 - Level 2.3 Fire Magic
 - Level 2.3 Air Magic
 * Level 10.4 Poison Magic
 - Level 0.1 Evocations


You had 11 spell levels left.
You knew the following spells:

 Your Spells              Type           Power        Failure   Level  Hunger
a - Sting                 Tmut/Pois      ####         1%          1    None
b - Mephitic Cloud        Conj/Pois/Air  ####....     3%          3    #......
c - Ignite Poison         Fire/Tmut/Pois ####....     4%          3    #......
d - Olgreb's Toxic Radia  Pois           #####...     1%          4    ###....

Your spell library contained the following spells:

 Spells                   Type           Power        Failure   Level  Hunger
 Foxfire                  Conj/Fire      ###.         3%          1    None
 Poisonous Vapours        Pois/Air       ####..       1%          2    None


Dungeon Overview and Level Annotations

Branches:
Dungeon (6/15)             Temple (1/1) D:4           Sewer (visited)

Altars:
Cheibriados
Dithmenos
Elyvilon
Nemelex Xobeh
Okawaru
Ru
Sif Muna
Vehumet
Wu Jian
Xom
Yredelemnul
Zin

Shops:
D:5 (

Annotations:
D:5 5 runed translucent doors, Grinder


Innate Abilities, Weirdness & Mutations

You cannot wear most types of armour.
You are very stealthy in the water. (Stealth+)
You are amphibious.
You can wear up to eight rings at the same time.
You can use your tentacles to constrict eight enemies at once.
Your skin changes colour to match your surroundings (Stealth+).
Your rubbery body absorbs attacks. (AC +1, EV +1)


Message History

The centaur hits you! The centaur misses you.
You hit the centaur but do no damage.
The centaur looks as sick as possible!
The centaur is heavily wounded.
The centaur completely misses you. The centaur skeleton hits you!
The centaur barely misses you.
You barely miss the centaur. You squeeze the centaur.
The centaur is almost dead.
The centaur hits you!
* * * LOW HITPOINT WARNING * * *
The centaur skeleton hits you.
* * * LOW HITPOINT WARNING * * *
Unknown command.
Unknown command.
You hit the centaur.
You kill the centaur!
Vehumet accepts your kill. The centaur skeleton hits you.
* * * LOW HITPOINT WARNING * * *
The centaur skeleton hits you.
You die...

....##..##......≈PPP≈P♣
#..........PP≈≈≈≈♣≈≈≈
#.##..##.≈PPP≈≈≈♣≈..P
#####.##..##.PP≈♣≈≈≈P≈P..
............PP≈≈≈≈♣PPP..
..........##.≈≈≈♣♣PPP..
....####..##PP≈≈≈≈♣P.#
........Z..†P≈P≈≈≈♣ .
....####@.....≈PP≈≈ .. .
##)###..# ≈P #.###.### ♣≈
...#####(....... PP
.........###.### .
.....P).P..♣ ≈
..♣..).≈≈...♣
♣.c.≈†♣....♣ .##
.cP..≈≈≈≈♣♣P.. .....


You could see a centaur skeleton.

Vanquished Creatures
  Pikel (D:4)
  Sigmund (D:6)
  2 slaves (D:4)
  Purgy (Sewer)
  A centaur (D:6)
  2 ogres
  A bullfrog (D:6)
  Blork the orc (D:6)
  A water moccasin zombie (D:6)
  2 scorpions
  2 electric eels (D:6)
  3 crimson imps
  A bullfrog zombie (D:5)
  A hound (D:4)
  2 orc priests (D:5)
  A bullfrog skeleton (D:4)
  Ijyb (D:5)
  An orc wizard (D:6)
  Natasha (thrice) (D:2)
  6 worker ants
  A hound skeleton (D:4)
  A hound zombie (D:6)
  2 howler monkey skeletons
  7 adders
  2 oozes
  An adder skeleton (D:4)
  4 worms
  3 dart slugs
  8 leopard geckos
  6 orcs
  A ball python (D:6)
  6 bats (D:1)
  7 giant cockroaches
  6 goblins
  9 hobgoblins
  10 jackals
  2 quokkas
  7 frilled lizards
  7 kobolds
  A leopard gecko skeleton (D:5)
  12 rats
137 creatures vanquished.

Notes
Turn   | Place    | Note
-------+----------+-------------------------------------------
     0 | D:1      | gruber the Octopode Venom Mage began the quest for the Orb.
     0 | D:1      | Reached XP level 1. HP: 11/11 MP: 3/3
   326 | D:1      | Reached skill level 4 in Poison Magic
   338 | D:1      | Reached XP level 2. HP: 17/17 MP: 1/5
   889 | D:1      | Reached XP level 3. HP: 12/21 MP: 2/6
  1778 | D:2      | Reached skill level 5 in Poison Magic
  1854 | D:2      | Noticed Natasha
  1869 | D:2      | Reached XP level 4. HP: 22/27 MP: 6/8
  1879 | D:2      | Learned a level 3 spell: Mephitic Cloud
  1883 | D:2      | Learned a level 3 spell: Ignite Poison
  2205 | D:2      | Found a white marble altar of Elyvilon.
  2805 | D:2      | You fall into a shaft and drop 2 floors!
  2811 | D:4      | Reached XP level 5. HP: 31/31 MP: 5/10
  2817 | D:4      | Learned a level 4 spell: Olgreb's Toxic Radiance
  2934 | D:4      | Noticed a slave
  2999 | D:4      | Found a staircase to the Ecumenical Temple.
  3014 | Temple   | Entered the Ecumenical Temple
  3115 | Temple   | Became a worshipper of Vehumet
  3290 | D:4      | Noticed a slave
  3316 | D:4      | Killed a slave
  3317 | D:4      | Killed a slave
  3422 | D:4      | Noticed Pikel
  3485 | D:4      | Killed Pikel
  3485 | D:4      | Reached XP level 6. HP: 36/36 MP: 1/15
  3485 | D:4      | Reached XP level 7. HP: 41/41 MP: 1/17
  3652 | D:4      | Found a sparkling altar of Nemelex Xobeh.
  4415 | D:3      | Found a glowing drain.
  4440 | Sewer    | Entered a sewer
  4675 | Sewer    | Noticed Purgy
  4680 | Sewer    | Killed Purgy
  4680 | Sewer    | Reached skill level 1 in Conjurations
  4680 | Sewer    | Reached skill level 1 in Fire Magic
  4680 | Sewer    | Reached skill level 1 in Air Magic
  4930 | D:2      | Found a faded altar of an unknown god.
  4947 | D:2      | Killed Natasha
  5043 | D:2      | Noticed Natasha
  5047 | D:2      | Killed Natasha
  5047 | D:2      | Reached XP level 8. HP: 39/46 MP: 6/18
  5123 | D:2      | Noticed Natasha
  5126 | D:2      | Killed Natasha
  5126 | D:2      | Reached * piety under Vehumet
  5126 | D:2      | Offered knowledge of Sandblast by Vehumet.
  5954 | D:5      | Entered Level 5 of the Dungeon
  5954 | D:5      | Noticed Grinder
  5991 | D:5      | Found Cary's Weapon Emporium.
  6146 | D:5      | Reached skill level 6 in Poison Magic
  6328 | D:5      | Reached skill level 7 in Poison Magic
  6600 | D:5      | Found a runed translucent door.
  6603 | D:5      | Noticed Ijyb
  6605 | D:5      | Killed Ijyb
  6663 | D:5      | Found the +9 staff of Olgreb {rPois∞}
  6665 | D:5      | Found a runed translucent door.
  6670 | D:5      | Found a runed translucent gate.
  6670 | D:5      | Found a runed translucent gate.
  6681 | D:5      | Found a runed translucent gate.
  6936 | D:6      | Noticed Sigmund
  6943 | D:6      | Killed Sigmund
  6943 | D:6      | Reached skill level 8 in Poison Magic
  6969 | D:6      | Reached ** piety under Vehumet
  6969 | D:6      | Offered knowledge of Foxfire by Vehumet.
  6979 | D:6      | Reached skill level 9 in Poison Magic
  6979 | D:6      | Reached XP level 9. HP: 12/51 MP: 2/19
  7296 | D:6      | Noticed Blork the orc
  7299 | D:6      | Killed Blork the orc
  7530 | D:6      | Reached skill level 10 in Poison Magic
  7636 | D:6      | Slain by a centaur skeleton

Illustrated notes

Levels and vault maps discovered:
D:1:      wander_arrival_peaceful_grave, layout_rooms, serial_forest,
          infiniplex_forest_straight_2, infiniplex_forest_clump_long,
          infiniplex_forest_end_2, infiniplex_forest_end_3,
          infiniplex_forest_straight_5, infiniplex_forest_clump_medium,
          infiniplex_forest_clump_curved
D:2:      layout_rooms, chequers_ecumenical_altar_island, elyvilon_altar_1,
          uniq_natasha
D:3:      layout_loops_cross, gup_sewer_entry_glass
D:4:      layout_basic, nemelex_xobeh_ov_fountains_minmay,
          minmay_temple_entry_grid, first_ration, uniq_pikel
D:5:      layout_cave_pools, evilmike_ruin_ashenzari, serial_shops,
          nicolae_shop_competitors_out_of_business,
          minmay_guarded_unrand_staff_of_olgreb, uniq_grinder, uniq_ijyb
D:6:      layout_basic, serial_bayou, serial_bayou_shore_b,
          serial_bayou_lagoon_a, serial_bayou_pond_a, serial_bayou_ford_a,
          uniq_crazy_yiuf_cottage, uniq_sigmund, uniq_blork_the_orc
Temple:   regret_index_temple_waves

Skill      XL: |  1  2  3  4  5  6  7  8  9 |
---------------+----------------------------+-----
Poison Magic   | 4 5 9 10 | 10.4
Spellcasting   | 3 6 7 |  7.0
Conjurations   | 1 2 |  2.0
Fire Magic     | 1 2 |  2.3
Air Magic      | 1 2 |  2.3
Dodging        | |  2.0
Stealth        | |  2.6
Transmutations | |  1.0
Evocations     | |  0.1

Action                   |  1- 3 |  4- 6 |  7- 9 || total
-------------------------+-------+-------+-------++-------
Melee: Unarmed           |    61 |       |       ||    61
       Constrict         |    17 |     3 |    32 ||    52
       Tentacles         |     7 |     1 |    15 ||    23
       Dagger            |     3 |    18 |       ||    21
       Whip              |       |       |    81 ||    81
       Short sword       |       |       |    32 ||    32
 Cast: Sting             |    43 |    30 |     7 ||    80
       Olgreb's Toxic Ra |       |     5 |    30 ||    35
       Ignite Poison     |       |       |    17 ||    17
       Mephitic Cloud    |       |       |     4 ||     4
Evoke: Wand              |       |       |     3 ||     3
  Use: Potion            |       |     1 |     1 ||     2
 Stab: Sleeping          |     2 |       |    12 ||    14
  Eat: Chunk             |     3 |     4 |    12 ||    19
       Ration            |       |       |     2 ||     2
Armor: Skin              |    10 |     2 |     4 ||    16
Dodge: Dodged            |    61 |    23 |    63 ||   147
